[Event "Late-Titled-Tuesday-Blitz-March-26-2024"]
[Site "Chess.com"]
[Date "2024.03.26"]
[Round "7"]
[White "GMBenjaminBok"]
[Black "RandomNoob04"]
[Result "1-0"]
[WhiteElo "2974"]
[BlackElo "2674"]
[TimeControl "180+1"]
[EndTime "15:19:02 PDT"]
[Termination "GMBenjaminBok won by resignation"]

1. d4 Nf6 2. c4 c5 3. Nf3 cxd4 4. Nxd4 b6 5. Nc3 Bb7 6. f3 e6 7. e4 Nc6 8. Be3 Be7 9. Be2 O-O 10. O-O Rc8 11. Rc1 Ne5 12. b3 a6 13. Qd2 d5 14.
cxd5 exd5 15. Nxd5 Nxd5 16. exd5 Qxd5 17. Nf5 Ba3 18. Rxc8 Rxc8 19. Qxd5 Bxd5 20. Bxa6 Ra8 21. Bb5 Be6 22. Nd4 Bc5 23. Re1 Bd7 24. Bxd7 Nxd7 25. a4 Nf6 26. Nc2 Rc8 27. Bxc5 Rxc5 28. Nd4 Kf8 29. Kf2 g6 30. Re3 Nd5 31. Re5 Kg7 32. g3 Kg8 33. f4 f6 34. Re8+ Kf7 35. Rd8 Ke7 36. Rh8 h5 37. Rh7+ Kf8 38. Ne6+ Kg8 39.
Rg7+ Kh8 40. Nxc5 Kxg7 41. Nd3 Kf7 42. Kf3 Ke6 43. Ke4 Nc3+ 44. Kd4 Ne2+ 45. Kc4 Kf5 46.
Kb5 Ke4 47. Nb2 Nd4+ 48. Kc4 Nf3 49. b4 Nxh2 50. a5 bxa5 51. bxa5 Nf1 52. a6 Ne3+ 53. Kc5 Nd5 54. a7 Nc7 55. Kc6 Na8 56. Kb7 g5 57. fxg5 fxg5 58. Kxa8 h4 59. gxh4 gxh4 60.
Kb8 h3 61. a8=Q+ Kf4 62. Qh1 1-0

[Event "Late-Titled-Tuesday-Blitz-March-26-2024"]
[Site "Chess.com"]
[Date "2024.03.26"]
[Round "7"]
[White "LeoWin2012"]
[Black "TemploVillamarin"]
[Result "0-1"]
[WhiteElo "2294"]
[BlackElo "2272"]
[TimeControl "180+1"]
[EndTime "15:19:04 PDT"]
[Termination "TemploVillamarin won by checkmate"]

1. e4 d5 2. exd5 Qxd5 3. Nc3 Qa5 4. d4 Nf6 5. Bd2 c6 6. h3 Bf5 7. Nf3 Nbd7 8. Bc4 e6 9. O-O Qc7 10. Re1 Be7 11. Ne5 O-O 12. Bf4 Nxe5 13. dxe5 Nd5 14. Nxd5 cxd5 15. Bd3 Bxd3 16. Qxd3 Rac8 17. c3 Qc4 18.
Qg3 Rfd8 19. Rad1 d4 20. Bh6 g6 21. Re4 Qxa2 22. Rexd4 Qxb2 23. Rxd8+ Rxd8 24. Rxd8+ Bxd8 25. Qd3 Bb6 26. Qf3 Qb1+ 27. Kh2 Qf5 28. Qxb7 Qxe5+ 29. f4 Qc7 30. Qa8+ Qd8 31. Qc6 a5 32. c4 Bc7 33.
c5 e5 34. f5 gxf5 35. g3 e4 36. Qb5 Be5 37. c6 Qd4 38. c7 Qf2+ 39. Kh1 Qf3+ 40.
Kg1 Qxg3+ 41. Kf1 Qf3+ 42. Ke1 Bc3+ 43. Bd2 Qe3+ 44. Kf1 Qf3+ 45. Ke1 Qe3+ 46. Qe2 Bxd2+ 47. Kd1 Qb3+ 48. Kxd2 Qb4+ 49. Kd1 Qb3+ 50. Qc2 Qf3+ 51. Kc1 Qe3+ 52. Kb1 Qb6+ 53. Ka1 Qf6+ 54. Ka2 Qe6+ 55. Ka3 Qd6+ 56. Ka4 Qb4# 0-1

[Event "Late-Titled-Tuesday-Blitz-March-26-2024"]
[Site "Chess.com"]
[Date "2024.03.26"]
[Round "7"]
[White "Bilan_Danila"]
[Black "Zhigalko_Sergei"]
[Result "0-1"]
[WhiteElo "2635"]
[BlackElo "2893"]
[TimeControl "180+1"]
[EndTime "15:19:05 PDT"]
[Termination "Zhigalko_Sergei won by resignation"]

1. d4 Nf6 2. Nf3 e6 3. g3 b5 4.
Bg2 Bb7 5. a4 b4 6. c4 Be7 7.
O-O O-O 8. b3 c5 9. Bb2 cxd4 10.
Qxd4 Na6 11. Nbd2 Nc5 12. Ne5 Bxg2 13. Kxg2 Qc7 14. Nd3 d6 15. Nxc5 dxc5 16. Qe3 Rad8 17. Rad1 Ng4 18. Qf3 f5 19. h3 Bf6 20. hxg4 Bxb2 21. gxf5 exf5 22. e3 g6 23. Nb1 Kg7 24. Rxd8 Rxd8 25. Rd1 h5 26. Rd5 Bf6 27. Nd2 Rh8 28. e4 fxe4 29. Nxe4 Bd4 30. Ng5 Qe7 31. Qf4 Rf8 32. Qd6 Rxf2+ 33. Kh3 Qxd6 34. Rxd6 Rb2 35.
Ne4 Bg1 36. Rd7+ Kh6 37. g4 Rxb3+ 38. Kg2 Be3 39. gxh5 Kxh5 40. Nf6+ Kg5 41. Ne4+ Kf4 42. Nf6 Rb2+ 43. Kf1 Bd4 44. Nd5+ Ke4 45. Re7+ Kd3 46.
Nf4+ Kxc4 47. Nxg6 b3 48. Rb7 Ra2 49. Nf4 Ra1+ 50. Ke2 b2 0-1

[Event "Late-Titled-Tuesday-Blitz-March-26-2024"]
[Site "Chess.com"]
[Date "2024.03.26"]
[Round "7"]
[White "ATM622"]
[Black "AndresDelgado77"]
[Result "1-0"]
[WhiteElo "2520"]
[BlackElo "2329"]
[TimeControl "180+1"]
[EndTime "15:19:06 PDT"]
[Termination "ATM622 won on time"]

1. d4 Nf6 2. c4 e5 3. g3 exd4 4. Qxd4 Nc6 5. Qd1 d5 6. cxd5 Bb4+ 7. Bd2 Qxd5 8. Nf3 Bf5 9. Bg2 O-O-O 10. Nc3 Bxc3 11.
Bxc3 Qxd1+ 12. Rxd1 Rxd1+ 13. Kxd1 Ne4 14. Be1 Rd8+ 15.
Kc1 Nc5 16. Bc3 f6 17. Rd1 Rxd1+ 18. Kxd1 Be4 19. Bh3+ Kd8 20. Nd2 Bd5 21. b3 a5 22.
Kc2 Nb4+ 23. Kb2 Ne4 24. Nxe4 Bxe4 25. Be6 b6 26. f3 Bc6 27. e4 Ke7 28. Bc4 Bb7 29.
a3 Na6 30. g4 Nc5 31. h4 h6 32. Kc2 g5 33. hxg5 hxg5 34. b4 axb4 35. axb4 Ne6 36.
Kd2 Nf4 37. Ke3 Bc8 38. b5 Be6 39. Bb4+ Kf7 40. Bf1 Bb3 41. Kd4 Be6 42. Ba3 Bb3 43.
e5 fxe5+ 44. Kxe5 Ne6 45. Bd3 Nf4 46. Be4 Ne6 47. Kf5 Nd4+ 48. Kxg5 Nxb5 49. Bb2 Nd6 50.
Bg6+ Kg8 51. f4 Bf7 52. Bd3 Bd5 53. Kf6 Ne4+ 54. Ke5 1-0

[Event "Late-Titled-Tuesday-Blitz-March-26-2024"]
[Site "Chess.com"]
[Date "2024.03.26"]
[Round "7"]
[White "cristiano78"]
[Black "MusicCityMaster"]
[Result "1-0"]
[WhiteElo "2257"]
[BlackElo "2427"]
[TimeControl "180+1"]
[EndTime "15:19:07 PDT"]
[Termination "cristiano78 won on time"]

1. d4 Nf6 2. c4 c5 3. d5 b5 4.
cxb5 a6 5. bxa6 g6 6. Nc3 Bg7 7. g3 O-O 8. Bg2 d6 9. Nf3 Qa5 10. Bd2 Qxa6 11. O-O Bb7 12. e4 Nbd7 13. h3 e6 14.
dxe6 fxe6 15. Re1 d5 16. exd5 exd5 17. Ne5 d4 18. Nxd7 Nxd7 19. Qb3+ c4 20. Qxb7 Qxb7 21.
Bxb7 dxc3 22. Bxc3 Bxc3 23. bxc3 Ra3 24. Bd5+ Kh8 25.
Bxc4 Rxc3 26. Bb3 Nc5 27. Rac1 Rxc1 28. Rxc1 Nd3 29. Rc2 h5 30. Rd2 Ne5 31. Kg2 g5 32. Re2 Nc6 33. Re6 Nd4 34. Rh6+ Kg7 35. Rxh5 Kg6 36. g4 Rc8 37. Bd5 Re8 38. Bc4 Ra8 39.
Bd3+ Kf6 40. Rh6+ Ke5 41. Bc4 Ra3 42. Rg6 Kf4 43. Rf6+ Ke5 44. Rf8 Rc3 45. Bb3 Ne2 46.
Rf5+ Ke4 47. f3+ Ke3 48. Rxg5 Nf4+ 49. Kg3 Ne2+ 50. Kh4 Rc1 51. Re5+ Kxf3 52. g5 Nf4 53.
Bd5+ Kf2 54. Kg4 Ne2 55. Rf5+ Ke3 56. g6 Rg1+ 57. Kh5 Ng3+ 58. Kg5 Nxf5+ 59. Kxf5 Kd4 60. Bb3 Kc5 61. h4 Kd6 62. h5 Ke7 63. h6 Rf1+ 64. Kg5 Rg1+ 65. Kh5 Kf6 66. g7 Kf5 67. Bc2+ Kf6 68.
Bh7 Rh1+ 69. Kg4 Rg1+ 70. Kf3 1-0

[Event "Late-Titled-Tuesday-Blitz-March-26-2024"]
[Site "Chess.com"]
[Date "2024.03.26"]
[Round "7"]
[White "Mikhal867"]
[Black "Navyblue1"]
[Result "0-1"]
[WhiteElo "2459"]
[BlackElo "2278"]
[TimeControl "180+1"]
[EndTime "15:19:08 PDT"]
[Termination "Navyblue1 won on time"]

1. d4 Nf6 2. c4 g6 3. f3 c5 4. d5 b5 5. e4 bxc4 6. Nc3 Bg7 7. Bxc4 d6 8. Nge2 O-O 9. O-O Ba6 10.
Bxa6 Nxa6 11. Qa4 Nc7 12. b3 Nd7 13. Bb2 Nb6 14. Qa3 a6 15. Qa5 Qb8 16. Rab1 Nd7 17. Na4 Bxb2 18. Nxb2 Ra7 19. Nc4 Rb7 20. Qd2 Rb4 21.
Na5 Rb6 22. Nc6 Qe8 23. Nc3 Nb8 24. Na4 Rb5 25. Na5 e6 26. dxe6 Qxe6 27. Rfd1 Rd8 28. Nc4 Nc6 29. Nc3 Rbb8 30. Nd5 Ne8 31. Qf4 Nd4 32. Rxd4 cxd4 33. Rd1 Kg7 34. Rxd4 Nf6 35. Qd2 Nxd5 36. Rxd5 Rbc8 37. h3 h5 38. Ra5 Rc6 39. Qg5 Rdc8 40. Rd5 Rc5 41. Kh2 Rxd5 42. exd5 Qd7 43.
Qf4 Rd8 44. Qd4+ f6 45. Qf4 Qe7 46. h4 Qf7 47. Qd4 Qe7 48. Kh3 Qd7+ 49. Kg3 Qe7 50. Kf2 Qd7 51. Na5 Re8 52. Nc6 Qc7 53. Qd3 Qb6+ 54.
Kg3 Qg1 55. Qc3 Qe1+ 56. Qxe1 Rxe1 57. Nb4 Rd1 58. Kf4 Kf7 59. Ke3 Ke7 60. Ke4 Ra1 0-1

[Event "Late-Titled-Tuesday-Blitz-March-26-2024"]
[Site "Chess.com"]
[Date "2024.03.26"]
[Round "7"]
[White "dealshark"]
[Black "Shiner22"]
[Result "1-0"]
[WhiteElo "2288"]
[BlackElo "2372"]
[TimeControl "180+1"]
[EndTime "15:19:08 PDT"]
[Termination "dealshark won on time"]

1. e4 c5 2. c3 d5 3. exd5 Qxd5 4. d4 e5 5. Nf3 Nc6 6. Nxe5 Nxe5 7. dxe5 Qxd1+ 8. Kxd1 Bg4+ 9. Be2 O-O-O+ 10. Nd2 Nh6 11. h3 Bf5 12. f4 f6 13. exf6 gxf6 14. Bf3 Bd3 15. Nb3 Nf5 16. Ke1 c4 17. Nd4 Nxd4 18.
cxd4 Bb4+ 19. Bd2 Rhe8+ 20. Kd1 Bxd2 21. Kxd2 Rxd4 22. Kc3 Rxf4 23. Rae1 Rd8 24. Re7 Rd7 25. Rhe1 b5 26. Re8+ Kc7 27. Ra8 Kd6 28. Rb8 Kc5 29. Re6 Rc7 30. b4+ cxb3 31. Kxd3 bxa2 32. Re1 Kb4 33. Ra1 Rd7+ 34. Ke3 Rf5 35. Rxa2 Re5+ 36. Kf4 Kb3 37. Ra6 b4 38. Ra8 Rd4+ 39. Kg3 Kc2 40. R8xa7 b3 41. Rb6 Rc4 42. Rab7 Rc3 43. Kf4 Ra5 44.
Be4+ Kb2 45. Bxh7 Ra4+ 46. Kf5 Ka2 47. Bg8 Ra5+ 48. Kxf6 Ka1 49. Rxb3 Rc6+ 50. Be6 Raa6 51. Re7 Ka2 52. Re3+ Kb1 53. g4 Kc1 54. g5 Kd2 55. g6 Kxe3 56. g7 Rc8 57. h4 1-0

[Event "Late-Titled-Tuesday-Blitz-March-26-2024"]
[Site "Chess.com"]
[Date "2024.03.26"]
[Round "7"]
[White "Zq1"]
[Black "nj123456"]
[Result "1/2-1/2"]
[WhiteElo "2623"]
[BlackElo "2482"]
[TimeControl "180+1"]
[EndTime "15:19:09 PDT"]
[Termination "Game drawn - insufficient material"]

1. d4 d5 2. c4 e6 3. Nc3 Nf6 4. Nf3 Be7 5. g3 O-O 6. Bg2 c6 7. O-O b6 8. b3 Bb7 9. Bb2 Nbd7 10. Rc1 Rc8 11. Qd3 h6 12. Rfd1 Re8 13. e4 Nxe4 14. Nxe4 dxe4 15. Qxe4 Nf6 16. Qe2 Qc7 17. c5 Red8 18.
Ne5 Nd5 19. a3 Bf6 20. b4 Bxe5 21. dxe5 Ra8 22. h4 a5 23. cxb6 Qxb6 24. Bd4 Qa6 25. Qxa6 Bxa6 26. bxa5 Bb5 27. Bxd5 Rxd5 28. Bb6 Rxe5 29.
Rd4 Rd5 30. Rb4 Rc8 31. f3 Ba6 32. Rd4 Kf8 33. Kf2 Ke7 34. f4 Kd7 35. Ke3 Rb8 36. h5 Rc8 37. g4 Rb8 38. g5 hxg5 39. fxg5 Rh8 40. Rh1 e5 41. Rxd5+ cxd5 42. h6 d4+ 43. Kd2 gxh6 44. Rxh6 Rg8 45. Rf6 Bc4 46. a6 Be6 47. a7 Kc6 48. g6 Kxb6 49. gxf7 Rf8 50. Rxe6+ Kxa7 51. Re7+ Kb6 52. Kd3 Kc6 53. Ke4 Kd6 54. Ra7 Ke6 55. Ra6+ Kxf7 56. Kxe5 Rd8 57. Rb6 Ra8 58. Rb1 Rxa3 59. Rd1 Rf3 60. Rxd4 Kg6 61. Re4 Rf5+ 62. Kd4 Rf6 63. Re5 Kf7 64. Kd5 Rg6 65. Ke4 Re6 66. Rxe6 Kxe6 1/2-1/2

[Event "Late-Titled-Tuesday-Blitz-March-26-2024"]
[Site "Chess.com"]
[Date "2024.03.26"]
[Round "7"]
[White "kacperkarwowski"]
[Black "Josetricks"]
[Result "1-0"]
[WhiteElo "2538"]
[BlackElo "2693"]
[TimeControl "180+1"]
[EndTime "15:19:11 PDT"]
[Termination "kacperkarwowski won by resignation"]

1. d4 g6 2. c4 Bg7 3. Nc3 d6 4. Nf3 Nd7 5. e4 e5 6. Be2 exd4 7. Nxd4 Ngf6 8. O-O O-O 9. Be3 a5 10. f3 Nc5 11.
Qd2 Re8 12. Rfe1 c6 13. Bf1 a4 14. b4 axb3 15. axb3 Rxa1 16. Rxa1 Nh5 17. Rb1 Ne6 18. Nce2 Be5 19. g3 Nxd4 20. Bxd4 Be6 21. Bxe5 dxe5 22.
Qxd8 Rxd8 23. Kf2 Nf6 24. Ke3 Kf8 25. Nc1 Ke7 26. Nd3 Nd7 27. Ra1 f6 28. Ra7 Rb8 29. f4 Kd6 30. h4 Kc7 31. fxe5 Nxe5 32. Nxe5 fxe5 33. b4 Rd8 34. c5 Rd4 35. b5 cxb5 36. Bxb5 Bc4 37. Ra5 Rd3+ 38. Kf2 Bxb5 39. Rxb5 Kc6 40.
Rb6+ Kxc5 41. Rxb7 Kd4 42. Rb4+ Kc5 43. Rb7 h5 44. Rg7 Kd4 45. Rxg6 Kxe4 46. Rg5 Rf3+ 47. Kg2 Rf5 48. Rg8 Ke3 49. Ra8 Rf2+ 50. Kh3 Rd2 51. Rh8 e4 52. Rxh5 Rd1 53. Kg4 Rg1 54. Re5 Kd4 55. Re8 e3 56. h5 e2 57. Rxe2 Kd3 58. Re7 Kd4 59. Kf4 Rf1+ 60. Kg5 Kd5 61. g4 Kd6 62. Re3 1-0

[Event "Late-Titled-Tuesday-Blitz-March-26-2024"]
[Site "Chess.com"]
[Date "2024.03.26"]
[Round "7"]
[White "UK_23"]
[Black "teresin05"]
[Result "1-0"]
[WhiteElo "2390"]
[BlackElo "2238"]
[TimeControl "180+1"]
[EndTime "15:19:14 PDT"]
[Termination "UK_23 won by resignation"]

1. e4 c5 2. Nf3 Nc6 3. Bb5 e6 4.
Bxc6 bxc6 5. d3 Ne7 6. h4 d6 7. h5 e5 8. b3 Be6 9. Bb2 f5 10. Ng5 Bg8 11. Nd2 h6 12. Ngf3 fxe4 13. Nxe4 Nf5 14. g4 Nd4 15. Nh4 Bf7 16. Bxd4 cxd4 17. Nf5 Be6 18. Neg3 Qg5 19. f3 Bxf5 20. Nxf5 Be7 21.
Qd2 Qxd2+ 22. Kxd2 Kf7 23. a4 Rad8 24. Rhf1 Bg5+ 25.
Ke2 Bf4 26. Nh4 g5 27. hxg6+ Kf6 28. Rh1 Bg5 29. Nf5 Kxg6 30. Rh2 Bf4 31. Rh5 Rh7 32.
Rah1 Bg5 33. Nh4+ Bxh4 34. R1xh4 Rf8 35. Rh3 Rf6 36. g5 Rf5 37. Rxh6+ Rxh6 38. Rxh6+ Kxg5 39. Rxd6 Rf6 40. Rd7 a6 41. Ra7 c5 42. Rc7 Kf4 43.
Kf2 Rh6 44. Rf7+ Kg5 45. Kg3 Rh1 46. Rc7 Rg1+ 47. Kf2 Rh1 48. Kg2 Rd1 49. Rxc5 Kf4 50. Kf2 Rd2+ 51. Ke1 Rh2 52. Kd1 Kxf3 53. Rxe5 Rh1+ 54.
Kd2 Rb1 55. Re4 Rf1 56. Rxd4 Rf2+ 57. Kc3 Rf1 58. Rd6 Rc1 59. Rxa6 Ke3 60. Re6+ Kf4 61. a5 Kf5 62. Re4 Ra1 63. b4 Ra3+ 64. Kc4 Ra2 65.
c3 Kf6 66. d4 Kf7 67. Re5 Kf6 68. Kb5 Ra3 69. c4 Kf7 70. d5 Kf6 71. Re6+ Kf7 72. a6 Kf8 73. Kb6 Ra4 74. b5 Rxc4 75. a7 Rc8 76.
Kb7 Rd8 77. a8=Q 1-0

[Event "Late-Titled-Tuesday-Blitz-March-26-2024"]
[Site "Chess.com"]
[Date "2024.03.26"]
[Round "7"]
[White "Konavets"]
[Black "Fandorine"]
[Result "1-0"]
[WhiteElo "3144"]
[BlackElo "2899"]
[TimeControl "180+1"]
[EndTime "15:19:15 PDT"]
[Termination "Konavets won by resignation"]

1. e4 e5 2. Nf3 Nc6 3. Bc4 Nf6 4. d3 Be7 5. O-O O-O 6. Nc3 d6 7. a3 Bg4 8. Be3 Bh5 9. h3 Kh8 10. Nd5 Nxd5 11. Bxd5 Qc8 12. g4 Bg6 13. c3 Nd8 14.
Ba2 Ne6 15. Kh2 f6 16. Nh4 Bf7 17. Nf5 Qd7 18. d4 Rae8 19. Qf3 Bd8 20. h4 Bg8 21. Rad1 Nxd4 22. cxd4 Bxa2 23. d5 c6 24. dxc6 Qxc6 25.
Rxd6 Qb5 26. Rfd1 Be6 27. b4 Bc7 28. R6d2 b6 29. h5 h6 30. Rc1 Bb8 31. Nh4 Rf7 32. Kg3 Kh7 33. Ng6 f5 34. gxf5 Rxf5 35. Qd1 Rf4 36. f3 Bf7 37. Rd7 Bxg6 38. hxg6+ Kxg6 39. Rd5 Qa6 40. Bxf4 exf4+ 41. Kh3 Kh7 42. e5 Rxe5 43.
Qd3+ Qxd3 44. Rxd3 Rh5+ 45. Kg2 Rg5+ 46. Kf1 Rh5 47. Rc8 Be5 48. Rd5 Kg6 49. Rc6+ Kf5 50. Rc7 Ke6 51. Rb5 Rh2 52. Rc6+ Kd7 53. Rg6 Bf6 54. Rg2 Rh3 55. Ke2 Rh1 56. Kd3 Ra1 57. Ke4 Rxa3 58. Kxf4 Ra4 59. Rc2 Be7 60. Rc4 a5 61.
Rxb6 Rxb4 62. Rcxb4 Bxb4 63. Kf5 Kc7 64. Rb5 Kc6 65.
Rb8 a4 66. Rxb4 1-0

[Event "Late-Titled-Tuesday-Blitz-March-26-2024"]
[Site "Chess.com"]
[Date "2024.03.26"]
[Round "7"]
[White "Jospem"]
[Black "XDPS"]
[Result "0-1"]
[WhiteElo "3064"]
[BlackElo "2911"]
[TimeControl "180+1"]
[EndTime "15:19:15 PDT"]
[Termination "XDPS won by checkmate"]

1. e4 c5 2. Nf3 e6 3. c3 d5 4. e5 Nc6 5. g3 Bd7 6. Bg2 Nge7 7. O-O Nf5 8. d3 h5 9. h4 Be7 10. Re1 b5 11. Bg5 a5 12. Nbd2 b4 13. Bxe7 Ncxe7 14. Ng5 Bc6 15. Nb3 Qb6 16. d4 cxd4 17. cxd4 Ba4 18. Qd3 Bxb3 19. axb3 Nxd4 20. Bh3 Ndf5 21. Bxf5 Nxf5 22. Qf3 g6 23. Rad1 Rd8 24. Rd3 Kf8 25.
Qf4 Kg7 26. Nf3 Rc8 27. Re2 Qc5 28. Rd1 Qe7 29. Ra1 Rc5 30. Kg2 Rhc8 31. Rd2 Qc7 32. Qg5 Qd8 33. Qf4 Rc2 34. Rad1 Rxd2 35. Rxd2 Qe7 36.
Ng5 Rc5 37. Nf3 Qc7 38. Qg5 Qe7 39. Qf4 Rc7 40. Kh2 Nh6 41. Kg2 Ng4 42. Ng5 Rc5 43. Nf3 Qc7 44. Nd4 Qxe5 45. Qf3 Qe4 46. Qxe4 dxe4 47. Re2 e5 48. Nc2 f5 49. Ne1 Kf6 50. f3 exf3+ 51. Nxf3 e4 52. Ng5 Rc2 53. Rxc2 Ne3+ 54. Kf2 Nxc2 55. Nh7+ Ke5 56. Ng5 Nd4 57.
Nf7+ Kf6 58. Nd6 Nxb3 59. Nc4 a4 60. Ke3 Nc5 61. Kd4 Nd3 62. Ne3 Nxb2 63. Nd5+ Kg7 64. Nxb4 a3 65. Nc2 a2 66. Kc3 Nd3 67.
Kb3 Ne1 68. Na1 e3 69. Kxa2 e2 70. Nc2 Nxc2 71. g4 e1=Q 72. gxh5 Qc3 73. h6+ Kh7 74. Kb1 Nb4 75. h5 Qc2+ 76. Ka1 Qa2# 0-1

[Event "Late-Titled-Tuesday-Blitz-March-26-2024"]
[Site "Chess.com"]
[Date "2024.03.26"]
[Round "7"]
[White "newauto"]
[Black "gxbg2000"]
[Result "0-1"]
[WhiteElo "2199"]
[BlackElo "2037"]
[TimeControl "180+1"]
[EndTime "15:19:15 PDT"]
[Termination "gxbg2000 won on time"]

1. d4 d5 2. Nf3 c6 3. Bg5 Nf6 4. e3 Bf5 5. Nbd2 Nbd7 6. c4 h6 7. Bh4 g5 8. Bg3 Bg7 9. cxd5 cxd5 10. Qb3 Nb6 11. Bb5+ Kf8 12. O-O e6 13. Ne5 Nfd7 14. Ndf3 Nxe5 15. Nxe5 Bxe5 16. Bxe5 f6 17. Bg3 Kf7 18.
Kh1 h5 19. h4 gxh4 20. Bxh4 Rg8 21. Qd1 Rg4 22. g3 Nc4 23. b3 Nd6 24. Be2 Be4+ 25. f3 Rxh4+ 26. gxh4 Bf5 27. Rg1 Qh8 28. Rc1 Re8 29.
Rc7+ Re7 30. Qc1 Ne8 31. Rxe7+ Kxe7 32. Qc8 Qh6 33. Qxb7+ Kf8 34. Qb4+ Kf7 35. Qc3 a5 36. Kh2 e5 37. dxe5 fxe5 38. Qxe5 Be6 39. Bd3 Nf6 40. Rg6 Qh8 41. Bf5 Ng4+ 42. fxg4 Qxe5+ 43. Kg2 Bxf5 44. gxf5 Qxf5 45. Rg5 Qe4+ 46. Kf2 Qxh4+ 47. Rg3 d4 48. exd4 Qxd4+ 49. Re3 Qb2+ 50. Re2 Qd4+ 51. Kg2 Kg6 52. Rf2 Kg5 53. a3 Kg4 54. Re2 h4 55. b4 a4 56.
Rf2 h3+ 57. Kf1 Qa1+ 58. Ke2 Qxa3 59. Kf1 Qxb4 60. Rd2 Qxd2 61. Kg1 a3 0-1

[Event "Late-Titled-Tuesday-Blitz-March-26-2024"]
[Site "Chess.com"]
[Date "2024.03.26"]
[Round "7"]
[White "expii"]
[Black "Cmorales2001"]
[Result "1-0"]
[WhiteElo "2219"]
[BlackElo "2366"]
[TimeControl "180+1"]
[EndTime "15:19:16 PDT"]
[Termination "expii won by resignation"]

1. e4 c6 2. d4 d5 3. f3 dxe4 4. fxe4 e5 5. Nf3 Bg4 6. Bc4 Nd7 7. c3 Bd6 8. O-O Ngf6 9. Bg5 O-O 10. Nbd2 h6 11. Be3 Qe7 12. h3 Bh5 13. Bd3 b5 14.
Re1 a6 15. Qc2 Rfe8 16. a4 Qe6 17. axb5 axb5 18. b3 Bf8 19. c4 exd4 20. Nxd4 Qe5 21. Rxa8 Rxa8 22. N2f3 Bxf3 23. Nxf3 Qh5 24. Bd4 Bc5 25.
Qf2 Bxd4 26. Qxd4 bxc4 27. Bxc4 Re8 28. e5 c5 29. Qd6 Nxe5 30. Nxe5 Re6 31. Bxe6 fxe6 32.
Qxe6+ Kh7 33. Qf7 Qg5 34. Nf3 Qf4 35. Qe6 Qb4 36. Qe3 c4 37. bxc4 Qxc4 38. Rc1 Qf7 39. Qd3+ Qg6 40. Qxg6+ Kxg6 41. Re1 Kf5 42. Kf2 Ne4+ 43.
Rxe4 Kxe4 44. Ke2 Kf4 45. Kf2 g5 46. Nh2 Ke4 47. Nf3 Kf4 48. Nd2 h5 49. Nc4 h4 50.
Nd6 g4 51. Nf7 gxh3 52. gxh3 Ke4 53. Nh6 Kf4 54. Ng4 Ke4 55. Nf6+ Kf4 56. Nd7 Ke4 57. Nf8 Kf4 58. Ng6+ Kg5 59. Ne7 Kf4 60.
Nd5+ Ke4 61. Ne3 Kf4 62. Ng4 Ke4 63. Ke2 Kf4 64. Nf2 Kg3 65. Ke3 Kg2 66. Kf4 Kh2 67. Kg4 Kg2 68. Kxh4 Kxf2 69. Kg5 Kf3 70. h4 Kg3 71. h5 Kh3 72. h6 Kg2 73. h7 Kg1 74. h8=Q Kf1 75. Qb2 1-0

[Event "Late-Titled-Tuesday-Blitz-March-26-2024"]
[Site "Chess.com"]
[Date "2024.03.26"]
[Round "7"]
[White "ozates"]
[Black "Flaccidmoves"]
[Result "1-0"]
[WhiteElo "2576"]
[BlackElo "2440"]
[TimeControl "180+1"]
[EndTime "15:19:17 PDT"]
[Termination "ozates won on time"]

1. e4 e6 2. d4 d5 3. Nd2 c5 4.
exd5 exd5 5. Ngf3 Nf6 6. Be2 Bd6 7. O-O O-O 8. dxc5 Bxc5 9. Nb3 Bb6 10. Bg5 Be6 11.
Nbd4 Nc6 12. c3 h6 13. Bh4 g5 14. Bg3 Ne4 15. Nxc6 bxc6 16. Nd4 c5 17. Nxe6 fxe6 18.
Bg4 Qf6 19. Re1 c4 20. Bf3 Nxg3 21. hxg3 g4 22. Bxg4 Bxf2+ 23. Kh2 Bxe1 24. Qxe1 Rae8 25. Qe2 e5 26. Re1 e4 27. Rd1 Re5 28. Qe3 Rg5 29. Bh3 Qe5 30. Qxa7 Qxg3+ 31. Kh1 Rf3 32. Qa8+ Kh7 33.
Qb7+ Rg7 34. Qc8 Rf4 35. Bf5+ Rxf5 36. Qxf5+ Kh8 37. Qh3 Qxh3+ 38. gxh3 Ra7 39. a3 Ra5 40. Kg2 Kg7 41. Kf2 Kf6 42. Ke3 Ke5 43. Rd2 Rb5 44. a4 Rb6 45. Rg2 Ra6 46. Rg4 Rxa4 47. Rh4 Ra1 48.
Rh5+ Kd6 49. Rxh6+ Kc5 50. h4 Re1+ 51. Kd2 Rh1 52. h5 Rh2+ 53. Ke3 Rxb2 54. Rh8 Rh2 55. h6 Rh3+ 56. Kd2 Rh2+ 57. Ke3 Rh3+ 58. Kd2 Rh2+ 59. Kd1 e3 60. h7 d4 61. cxd4+ Kxd4 62. Rd8+ Kc3 63.
h8=Q+ Rxh8 64. Rxh8 Kb2 65. Rb8+ Ka2 66. Kc2 1-0

[Event "Late-Titled-Tuesday-Blitz-March-26-2024"]
[Site "Chess.com"]
[Date "2024.03.26"]
[Round "7"]
[White "Brahianzevich"]
[Black "ChessQueen"]
[Result "1-0"]
[WhiteElo "2508"]
[BlackElo "2686"]
[TimeControl "180+1"]
[EndTime "15:19:18 PDT"]
[Termination "Brahianzevich won on time"]

1. e4 c6 2. Nc3 d5 3. Nf3 dxe4 4. Nxe4 Nf6 5. Qe2 Nxe4 6. Qxe4 Nd7 7. Bc4 Nf6 8. Ne5 e6 9. Qe2 b5 10. Bb3 Qc7 11.
d4 Bd6 12. O-O O-O 13. a4 c5 14. axb5 cxd4 15. Bf4 Bb7 16. Rfd1 Nd5 17. Bg3 a6 18. b6 Nxb6 19. Rxd4 Nd5 20. c3 Rfe8 21. Bc2 f5 22. Raa4 Rad8 23. Rac4 Qb8 24. Rd1 Nf6 25. Rcd4 Bc7 26. Rxd8 Rxd8 27. Rxd8+ Qxd8 28. Nf3 Ne4 29. Bxc7 Qxc7 30. Bb3 Qb6 31. Nd4 Bd5 32. Bxd5 exd5 33. f3 Nf6 34. Qe6+ Qxe6 35. Nxe6 Kf7 36. Nd4 g6 37. Kf2 Ke7 38. g3 Kd6 39. Ke3 Nd7 40. b4 Ne5 41. h3 Nc4+ 42. Kf4 h6 43. h4 Nd2 44. h5 gxh5 45. Nxf5+ Ke6 46. Ng7+ Kd6 47.
Nxh5 Nb1 48. Ng7 Nxc3 49. Nf5+ Ke6 50. Nd4+ Kf6 51. Ke3 Ke5 52. Nc6+ Kd6 53. Nb8 Na2 54. Nxa6 Kc6 55. f4 Kb5 56. Nc7+ Kc4 57. b5 d4+ 58. Kf2 Kc5 59. f5 Nc3 60. Kf3 Kd6 61. b6 d3 62.
Ke3 Ne4 63. Kxd3 Nxg3 64. f6 Nh5 65. f7 Nf4+ 66. Ke4 Ng6 67. Kf5 Nf8 68. Kf6 Kc6 69.
Ne6 Nd7+ 70. Ke7 h5 71. Nf8 Nxb6 72. Ng6 Nd7 73. Ke6 h4 74. Nxh4 Kc7 75. Ke7 1-0

[Event "Late-Titled-Tuesday-Blitz-March-26-2024"]
[Site "Chess.com"]
[Date "2024.03.26"]
[Round "7"]
[White "jefferyx"]
[Black "ViIIagra"]
[Result "1-0"]
[WhiteElo "3104"]
[BlackElo "2889"]
[TimeControl "180+1"]
[EndTime "15:19:19 PDT"]
[Termination "jefferyx won by resignation"]

1. e4 d6 2. d4 Nf6 3. Nc3 e5 4. Nf3 Nbd7 5. Bc4 Be7 6. a4 O-O 7. O-O h6 8. Re1 c6 9. h3 Re8 10. Be3 Bf8 11. d5 cxd5 12. Bxd5 Nxd5 13. Nxd5 Nf6 14.
Nxf6+ Qxf6 15. c4 b6 16. a5 Bb7 17. Nd2 bxa5 18. Rxa5 a6 19. Qg4 g6 20. Rea1 h5 21. Qd7 Re7 22. Qa4 Rc8 23. b4 Qe6 24. Qd1 f5 25. b5 axb5 26. Rxb5 Bc6 27. Rbb1 fxe4 28.
Ra6 Rb7 29. Rxb7 Bxb7 30. Rb6 Bc6 31. Qb1 Qf5 32. Qa2 Ra8 33. Qb1 Rc8 34. Qa2 Be7 35. Qa7 Bd8 36. Rb8 Rxb8 37. Qxb8 Qf8 38. Qc8 Ba4 39.
Nxe4 Be7 40. Qa6 Be8 41. Qc8 Bf7 42. Qc7 Be6 43. Bg5 Bxg5 44. Nxg5 Bf7 45. Nxf7 Qxf7 46. Qxd6 Qxc4 47. Qxg6+ Kf8 48. Qf6+ Kg8 49. Qg5+ Kf8 50.
Qxe5 h4 51. Qf5+ Ke7 52. Qg5+ Kf7 53. Qg4 Qc1+ 54. Kh2 Qc7+ 55. f4 Qd8 56. Qh5+ Kg7 57. Qe5+ Kf7 58. Kg1 Qd1+ 59. Kf2 Qd2+ 60. Kf3 Qd3+ 61.
Qe3 Qf1+ 62. Qf2 Qd3+ 63. Kg4 Qg6+ 64. Kxh4 Kg8 65. Qg3 Kh8 66. Qg5 Qh7+ 67. Qh5 1-0

[Event "Late-Titled-Tuesday-Blitz-March-26-2024"]
[Site "Chess.com"]
[Date "2024.03.26"]
[Round "7"]
[White "Binary010"]
[Black "RebelJohnny"]
[Result "0-1"]
[WhiteElo "2770"]
[BlackElo "2609"]
[TimeControl "180+1"]
[EndTime "15:19:19 PDT"]
[Termination "RebelJohnny won on time"]

1. e4 c5 2. Nf3 d6 3. Nc3 Nf6 4.
d4 cxd4 5. Qxd4 Nc6 6. Qe3 g6 7. Bc4 Bg7 8. O-O O-O 9. h3 a6 10. a4 Be6 11. Bxe6 fxe6 12. e5 Nd5 13. Nxd5 exd5 14.
e6 Rc8 15. c3 Ne5 16. Nxe5 dxe5 17. Qa7 Qc7 18. Be3 Rf6 19. Rad1 Qc6 20. a5 Rxe6 21.
Rfe1 Rf6 22. Bg5 Rf7 23. Qe3 e6 24. Bh6 Bh8 25. f3 Qc5 26. b4 Qxc3 27. Qb6 Qc6 28. Rc1 Qxb6+ 29. axb6 Rxc1 30. Rxc1 Bg7 31. Be3 h5 32.
Rc8+ Kh7 33. Bc5 e4 34. fxe4 dxe4 35. Re8 e5 36. Bd6 e3 37. Bxe5 e2 38. Bg3 Rf1+ 39.
Kh2 Rb1 40. Rxe2 Rxb4 41. Re7 Rxb6 42. Be5 Kh6 43. Bxg7+ Kg5 44. Re5+ Kf4 45. Rd5 Rc6 46. Bh6+ Ke4 47. Rd7 b5 48. Ra7 b4 49. Rb7 a5 50.
Bf8 Kd3 51. Kg3 Kc3 52. Kf4 b3 53. Bg7+ Kc4 54. Kg5 a4 55. Bf6 a3 56. Ra7 a2 57.
Bb2 Kd3 58. g4 Kc2 59. Be5 hxg4 60. hxg4 Rc5 61. Kf4 Rxe5 62. Kxe5 Kb1 63. Rxa2 bxa2 0-1